 Dungeon Crawl Stone Soup version 0.27-a0-1332-g84bddb5ca7 (webtiles) character file.

Game seed: 10376180288465842664

25649 dickylongcocking the Fighter (level 13, -22/101 HPs)
             Began as a Djinni Fire Elementalist on June 25, 2021.
             Was a Priest of Makhleb.
             Killed by Lee's Rapid Deconstruction
             ... invoked by Jorgrun
              (25 damage)
             ... while petrified by Jorgrun
             ... on level 13 of the Dungeon.
             The game lasted 00:22:10 (19923 turns).

dickylongcocking the Fighter (DjFE)                Turns: 19923, Time: 00:22:10

Health: -22/101    AC: 13    Str:  7    XL:     13   Next: 52%
Gold:   947        EV:  2    Int: 21    God:    Makhleb [***...] SH:  0 Dex: 15

rFire    + + .     SeeInvis .   R - staff of conjuration
rCold    + . .     Faith    .   D - +2 buckler {rC+}
rNeg     + + +     Spirit   .   P - +0 acid dragon scales
rPois    ∞         Reflect  .   h - +0 helmet
rElec    .         Harm     .   u - +0 cloak
rCorr    +         Rampage  .   b - +1 pair of gloves
Will     +....                  (boots unavailable)
Stlth    ++........             (no amulet)
HPRegen  0.26/turn              o - ring of ice
MPRegen  0.00/turn              C - ring of protection from fire

@: petrified, flying
A: sickness immunity, fire resistance 2, cold vulnerability 1, float, innate
caster, hp casting, extra vitality 1
a: Renounce Religion, Minor Destruction, Lesser Servant of Makhleb


You were on level 13 of the Dungeon.
You worshipped Makhleb.
Makhleb was most pleased with you.
You visited 2 branches of the dungeon, and saw 14 of its levels.
You also visited: Ossuary.

You collected 947 gold pieces.

Inventory:

Hand Weapons
 c - a +0 dagger
 m - a +1 whip of electrocution
 s - a +2 whip of electrocution
 z - a +2 short sword of venom
 G - a +1 antimagic demon trident
Missiles
 i - 8 curare-tipped darts
 q - 2 throwing nets
Armour
 b - a +1 pair of gloves (worn)
 h - a +0 helmet (worn)
 u - a +0 cloak (worn)
 D - a +2 buckler of cold resistance (worn)
 N - +0 steam dragon scales
 P - +0 acid dragon scales (worn)
Magical Staves
 A - a staff of earth
 R - a staff of conjuration (weapon)
Jewellery
 o - a ring of ice (left hand)
 t - a ring of ice
 C - a ring of protection from fire (right hand)
 K - a +6 ring of dexterity
Wands
 w - a wand of iceblast (31)
 B - a wand of flame (72)
 F - a wand of digging (1)
 S - a wand of mindburst (17)
Scrolls
 a - a scroll of acquirement
 d - 4 scrolls of teleportation
 e - 3 scrolls of amnesia {unknown}
 f - a scroll of immolation {unknown}
 g - 2 scrolls of blinking {unknown}
 k - 4 scrolls of enchant armour
 n - 2 scrolls of fog {unknown}
 r - 3 scrolls of magic mapping
 v - 2 scrolls of enchant weapon
 y - a scroll of brand weapon
 M - 2 scrolls of silence
 O - 2 scrolls of summoning
Potions
 j - 7 potions of curing
 l - 3 potions of lignification {unknown}
 p - 4 potions of attraction
 E - 3 potions of heal wounds {unknown}
 H - 3 potions of resistance
 I - a potion of haste {unknown}
 J - 2 potions of flight
 Q - a potion of invisibility


   Skills:
 * Level 12.1 Fighting
 - Level 0.5 Maces & Flails
 - Level 8.5 Armour
 * Level 7.4 Dodging
 - Level 1.5 Stealth
 - Level 4.0 Shields
 * Level 11.2 Spellcasting


You couldn't memorise any spells.
You knew the following spells:

 Your Spells              Type           Power      Damage    Failure   Level
a - Foxfire               Conj/Fire      100%       2x1d9     1%          1
b - Conjure Flame         Conj/Fire      73%        6-21      1%          3
c - Inner Flame           Hex/Fire       56%        N/A       1%          3
d - Sticky Flame          Conj/Fire      73%        2d9       1%          4
e - Fireball              Conj/Fire      36%        3d15      2%          5
f - Animate Skeleton      Necr           100%       N/A       1%          1
g - Slow                  Hex            56%        N/A       1%          2
h - Stone Arrow           Conj/Erth      100%       3d13      1%          3
i - Cause Fear            Hex            28%        N/A       1%          4
r - Irradiate             Conj/Tmut      36%        3d25      2%          5
z - Iskenderun's Battles  Conj           73%        2d12      2%          5
Your spell library was empty.

Dungeon Overview and Level Annotations

Branches:
Dungeon (13/15)            Temple (1/1) D:5            Lair (0/6) D:9
    Orc (0/2) D:12        Ossuary (visited)
 Vaults: D:13-14

Altars:
Ashenzari
Cheibriados
Dithmenos
Elyvilon
Fedhas
Gozag
Hepliaklqana
Kikubaaqudgha
Makhleb
Nemelex Xobeh
Okawaru
Qazlal
Ru
Sif Muna
Trog
Uskayaw
Vehumet
Wu Jian
Xom
Yredelemnul
Zin
The Shining One

Shops:
D:3 [   D:7 :   D:12 [

Annotations:
D:9 2 transporters, porpoise's ghost, novice DsCK
D:13 Jorgrun


Innate Abilities, Weirdness & Mutations

You are immune to sickness and miasma.
You are immune to poison.
Your flesh is very heat resistant. (rF++)
You are vulnerable to cold. (rC-)
You float through the air rather than walking.
You learn spells naturally, not from books.
Your magical power is your life essence.
You have superior vitality. (+4 HP)


Message History

You feel a surge of power!
The sticky flame hits the vampire mosquito.
The vampire mosquito is heavily damaged.
The vampire mosquito is covered in liquid flames!
* * * LOW HITPOINT WARNING * * *
The vampire mosquito burns!
The vampire mosquito is engulfed in a cloud of scalding steam.
The vampire mosquito bites you.
* * * LOW HITPOINT WARNING * * *
Jorgrun points at you and mumbles some strange words.
You are slowing down.
The vampire mosquito is engulfed in a cloud of scalding steam.
You destroy the vampire mosquito!
Makhleb accepts your kill.
You feel better.
The boulder beetle leaps!
Unknown command.
Unknown command.
The boulder beetle leaps!
Jorgrun casts a spell at you. You resist with significant effort.
Your limbs are stiffening.
There is a stone staircase leading up here.
The boulder beetle leaps!
You have turned to stone.
The centaur wields a +0 shortbow.
The centaur shoots an arrow.
The arrow hits you.
* * * LOW HITPOINT WARNING * * *
The centaur shoots an arrow.
The arrow barely misses you.
Jorgrun points at you and mumbles some strange words.
You shatter!!
* * * LOW HITPOINT WARNING * * *
The centaur shouts!
You hear a horrible gurgling sound!
The centaur shoots an arrow.
The arrow hits you but does no damage.
The centaur shoots an arrow.
The arrow hits you!
* * * LOW HITPOINT WARNING * * *
The centaur wields a +0 shortbow.
The centaur shoots an arrow.
The arrow hits you!
* * * LOW HITPOINT WARNING * * *
The centaur shoots an arrow.
The arrow hits you but does no damage.
Jorgrun points at you and mumbles some strange words.
You shatter!!!
You die...

≈≈≈≈,≈,≈≈,,<*,*,,,,,,,,,,,,,,,*
≈≈≈≈,≈,≈≈;≈.#.#.#..###***,*****
≈≈≈≈,≈,,..c.≈.≈[≈≈.≈≈## *,*
≈,,,,≈≈≈≈u≈c≈...≈≈.≈≈≈##*,*
,,,,,,,,.≈≈≈c≈≈≈≈≈.≈≈≈≈#*,*
,,≈≈≈≈≈≈.≈≈≈...........≈*,*
,,≈≈≈,,,.≈≈≈.≈≈≈≈≈≈.≈≈.≈≈,*
,,≈≈≈,≈,.≈≈≈.≈≈≈≈≈≈.≈≈.≈≈,**
,,≈≈≈,≈,.......≈@......≈≈,≈*
,,≈≈≈,≈,≈≈≈≈.≈.≈≈≈≈..≈..,,,*
,,≈≈≈,≈,.....≈g≈≈≈≈≈.≈.≈≈,,*
,,≈≈≈,,,...≈...≈≈≈≈≈....,,,*
≈,≈≈≈≈≈≈≈≈.≈...≈≈≈≈≈≈<≈≈,,,****
,,≈≈≈≈≈≈)......≈≈≈≈≈≈..≈,,,,,,*
,,≈≈≈≈≈≈.≈.....≈≈≈≈≈≈...,,≈**,*
,,≈≈≈≈≈≈.≈..........≈≈.≈≈,≈**,*
,,,,,,,,.≈.≈.≈≈≈≈≈≈.≈≈.≈,,,,,,*


You could see Jorgrun, a brown ugly thing, a centaur warrior, 2 centaurs and an
electric eel.

Vanquished Creatures
  The ghost of Synwij the Carver, a journeyman DsFi of Qazlal (D:12)
  A merfolk impaler (D:12)
  A hydra (D:12)
  4 boulder beetles
  A naga warrior (D:12)
  3 two-headed ogres
  A tengu warrior (D:12)
  A centaur warrior (D:12)
  A deep elf pyromancer (D:10)
  2 ugly things
  2 cyclopes
  2 gargoyles
  An unseen horror (D:11)
  Maggie (D:9)
  4 kobold demonologists (D:12)
  Psyche (D:11)
  2 komodo dragons
  A troll (D:5)
  A hornet (D:8)
  2 water elementals
  2 vampires
  A basilisk (D:11)
  2 wraiths
  2 wyverns
  18 yaks
  7 vampire mosquitoes
  2 steam dragons (D:9)
  2 water moccasins
  2 acid dragons (D:9)
  2 hornet zombies (D:8)
  8 orc warriors
  2 sky beasts
  5 ogres
  3 phantoms (D:6)
  9 centaurs
  6 kobold brigands
  Blork the orc (D:5)
  4 bullfrogs
  A wyvern zombie (D:9)
  A scorpion (D:4)
  A water moccasin skeleton (D:5)
  A killer bee (D:8)
  5 wights
  4 electric eels (D:12)
  4 howler monkeys
  7 centaur zombies
  3 hounds
  An orc priest (D:5)
  6 iguanas
  3 bullfrog skeletons
  2 gnoll shamans
  11 orc wizards
  2 killer bee zombies
  5 mummies
  6 adders
  16 gnolls
  2 shadow imps
  A white imp (D:8)
  4 adder zombies (Ossuary)
  2 dart slugs
  30 orcs
  6 bats
  8 endoplasms
  A giant cockroach (D:4)
  A gnoll zombie (Ossuary)
  11 goblins
  4 hobgoblins
  5 jackals
  A quokka (D:1)
  6 ball pythons
  8 frilled lizards
  A goblin zombie (Ossuary)
  A hobgoblin zombie (D:8)
  A jackal zombie (Ossuary)
  11 kobolds
  3 kobold zombies
  An orc zombie (Ossuary)
  5 rats
  2 rat zombies (Ossuary)
305 creatures vanquished.

Vanquished Creatures (others)
  374 foxfires
  8 plants (D:7)
382 creatures vanquished.

Grand Total: 687 creatures vanquished

Notes
Turn   | Place    | Note
-------+----------+-------------------------------------------
     0 | D:1      | dickylongcocking the Djinni Fire Elementalist began the
                  | quest for the Orb.
     0 | D:1      | Reached XP level 1. HP: 15/15 MP: 0/0
   289 | D:1      | Reached XP level 2. HP: 16/22 MP: 0/0
   475 | D:1      | Reached skill level 1 in Fighting
   509 | D:1      | Reached XP level 3. HP: 6/27 MP: 0/0
   509 | D:1      | Learned a level 1 spell: Animate Skeleton
  1400 | D:1      | Reached skill level 2 in Fighting
  2145 | D:2      | Reached XP level 4. HP: 24/33 MP: 0/0
  3764 | D:3      | Found Cirudgh's Armour Emporium.
  3782 | D:3      | Reached skill level 3 in Fighting
  3782 | D:3      | Reached XP level 5. HP: 25/40 MP: 0/0
  3782 | D:3      | Learned a level 2 spell: Slow
  3993 | D:3      | Found a white marble altar of Elyvilon.
  4184 | D:4      | Noticed a centaur
  4448 | D:4      | Killed a centaur
  4449 | D:4      | Reached skill level 4 in Fighting
  4449 | D:4      | Reached XP level 6. HP: 42/48 MP: 0/0
  4969 | D:4      | Reached skill level 5 in Fighting
  4969 | D:4      | Reached XP level 7. HP: 32/54 MP: 0/0
  4969 | D:4      | Learned a level 3 spell: Stone Arrow
  5318 | D:4      | Found a blossoming altar of Fedhas.
  6103 | D:5      | Entered Level 5 of the Dungeon
  6111 | D:5      | Noticed a troll
  6129 | D:5      | Killed a troll
  6130 | D:5      | Reached skill level 6 in Fighting
  6130 | D:5      | Reached XP level 8. HP: 50/62 MP: 0/0
  6211 | D:5      | Found a sacrificial altar of Ru.
  6551 | D:5      | Found a staircase to the Ecumenical Temple.
  6560 | Temple   | Entered the Ecumenical Temple
  6823 | D:5      | Reached skill level 7 in Fighting
  6854 | D:5      | Found a glowing golden altar of the Shining One.
  7127 | D:5      | Noticed Blork the orc
  7143 | D:5      | Killed Blork the orc
  7144 | D:5      | Reached skill level 5 in Spellcasting
  7404 | D:5      | Reached skill level 8 in Fighting
  7423 | D:5      | Reached XP level 9. HP: 21/70 MP: 0/0
  7423 | D:5      | Learned a level 4 spell: Cause Fear
  8944 | D:6      | Found a snail-covered altar of Cheibriados.
  9404 | D:6      | Found a stormy altar of Qazlal.
  9664 | D:7      | Reached skill level 9 in Fighting
  9743 | D:7      | Found Zuogo Iwim's Book Shop.
  9745 | D:7      | Noticed a cyclops
 10089 | D:7      | Killed a cyclops
 10090 | D:7      | Reached skill level 5 in Dodging
 10090 | D:7      | Reached XP level 10. HP: 65/78 MP: 0/0
 10235 | D:7      | Found a burning altar of Makhleb.
 10316 | D:7      | Found a basalt altar of Yredelemnul.
 10352 | D:7      | Became a worshipper of Makhleb the Destroyer
 10452 | D:7      | Found an opulent altar of Gozag.
 10503 | D:7      | Noticed a komodo dragon
 10511 | D:7      | Killed a komodo dragon
 10694 | D:7      | Found a glowing silver altar of Zin.
 11060 | D:7      | Found an iron altar of Okawaru.
 11163 | D:8      | Found a sand-covered staircase.
 11168 | Ossuary  | Entered an ossuary
 11199 | Ossuary  | Reached * piety under Makhleb
 12231 | D:8      | Identified a scroll of acquirement
 12232 | D:8      | Acquired a +2 buckler of cold resistance
 12406 | D:8      | Reached skill level 1 in Shields
 13223 | D:9      | Reached XP level 11. HP: 79/85 MP: 0/0
 13223 | D:9      | Learned a level 5 spell: Irradiate
 13244 | D:9      | Reached skill level 10 in Fighting
 13332 | D:9      | Found a broken altar of Ashenzari.
 13400 | D:9      | Found a transporter.
 13401 | D:9      | Noticed porpoise's ghost (novice DsCK)
 13403 | D:9      | Noticed a moth of wrath
 13418 | D:9      | Found a transporter.
 14039 | D:9      | Found a sparkling altar of Nemelex Xobeh.
 14144 | D:9      | Noticed Maggie
 14152 | D:9      | Killed Maggie
 14238 | D:9      | Found a staircase to the Lair.
 14418 | D:9      | Reached skill level 1 in Armour
 14419 | D:9      | Noticed a two-headed ogre
 14424 | D:9      | Killed a two-headed ogre
 15058 | D:10     | Entered Level 10 of the Dungeon
 15079 | D:10     | Found a large runed translucent door.
 15080 | D:10     | Found a large runed translucent door.
 15084 | D:10     | Found a large runed translucent door.
 15084 | D:10     | Found a large runed translucent door.
 15086 | D:10     | Noticed a cyclops
 15086 | D:10     | Noticed a boulder beetle
 15231 | D:10     | Noticed a white ugly thing
 15237 | D:10     | Identified the +6 morningstar of Ymosixei {vorpal, rPois
                  | rCorr Int-3 Dex-5}
 15353 | D:10     | Noticed a deep elf pyromancer
 15573 | D:10     | Killed a deep elf pyromancer
 15787 | D:10     | Killed a cyclops
 15788 | D:10     | Killed a boulder beetle
 15789 | D:10     | Reached XP level 12. HP: 49/93 MP: 0/0
 16019 | D:10     | Reached skill level 5 in Armour
 16051 | D:10     | Noticed a two-headed ogre
 16057 | D:10     | Killed a two-headed ogre
 16123 | D:10     | Reached ** piety under Makhleb
 16384 | D:10     | Reached skill level 11 in Fighting
 16385 | D:10     | Reached skill level 10 in Spellcasting
 17145 | D:11     | Noticed a two-headed ogre
 17150 | D:11     | Killed a two-headed ogre
 17277 | D:11     | Noticed Psyche
 17291 | D:11     | Killed Psyche
 17888 | D:12     | Noticed a boulder beetle
 18648 | D:12     | Found a staircase to the Orcish Mines.
 18653 | D:12     | Found Rokkual's Armour Shop.
 18688 | D:12     | Killed a boulder beetle
 18688 | D:12     | Reached *** piety under Makhleb
 18689 | D:12     | Noticed an eight-headed hydra
 18716 | D:12     | Killed an eight-headed hydra
 18717 | D:12     | Reached XP level 13. HP: 65/99 MP: 0/0
 18717 | D:12     | Learned a level 5 spell: Iskenderun's Battlesphere
 19078 | D:12     | Noticed a boulder beetle
 19082 | D:12     | Killed a boulder beetle
 19365 | D:12     | Found a runed translucent gate.
 19365 | D:12     | Found a runed translucent gate.
 19365 | D:12     | Found a runed translucent gate.
 19365 | D:12     | Noticed a naga warrior
 19366 | D:12     | Found an iron altar of Okawaru.
 19366 | D:12     | Noticed Synwij's ghost (journeyman DsFi)
 19366 | D:12     | Noticed a centaur warrior
 19367 | D:12     | Noticed a merfolk impaler
 19597 | D:12     | Killed a naga warrior
 19600 | D:12     | Killed Synwij's ghost
 19601 | D:12     | Killed a merfolk impaler
 19602 | D:12     | Reached skill level 12 in Fighting
 19605 | D:12     | Killed a centaur warrior
 19899 | D:13     | Noticed a boulder beetle
 19904 | D:13     | Noticed a boulder beetle
 19906 | D:13     | Killed a boulder beetle
 19912 | D:13     | Noticed a boulder beetle
 19913 | D:13     | Noticed Jorgrun
 19921 | D:13     | Noticed a centaur warrior
 19921 | D:13     | HP: 3/101 [centaur/arrow[a centaur warrior] (4)]
 19923 | D:13     | Killed from afar by Jorgrun

Illustrated notes

Levels and vault maps discovered:
D:1:      amcnicky_arrival_blooded_trapdoor, layout_basic,
          chequers_serial_rivers_room_b
D:2:      layout_basic
D:3:      layout_rooms, lemuel_coloured_pillars_altar, serial_shops,
          nicolae_shop_trees, minivault_19, minmay_ruptured
D:4:      layout_cave_pools, marbit_many_paths
D:5:      layout_basic, lemuel_crystal_altar, overflow_temple_1_default,
          minmay_temple_entry_hall, hangedman_decor_points, uniq_blork_the_orc
D:6:      layout_loops_ring, kennysheep_mini_moat, kennysheep_little_box
D:7:      layout_loops_ring, pdpol_temple_overflow_zin_treasury_gozag_greed,
          lightli_temple_of_fire, nicolae_overflow_hidden_temple, serial_shops,
          shop, fountainhead, minmay_lizard_king
D:8:      layout_loops_corners, nicolae_ossuary_entry_giza,
          hangedman_minor_gate_pass
D:9:      minmay_bubble_buster, layout_long_grid,
          nemelex_xobeh_ov_fountains_minmay, pf_just_have_faith,
          lair_entry_dummy, gammafunk_ghost_berserking_beasts, uniq_maggie
D:10:     layout_roguey, minmay_hollow_rounded_squares
D:11:     layout_roguey, uniq_psyche
D:12:     layout_basic, orc_david_3, gammafunk_ghost_fury_of_okawaru,
          hangedman_decor_lopped, serial_bayou_pond_e,
          minmay_misc_feat_nine_boxes
D:13:     layout_basic, grunt_vaults_entry_tiered, gauntlet_entry_generic,
          enter_trove_1, uniq_jorgrun
Temple:   compressed_dpeg_triangle_lava_temple

Skill      XL: |  1  2  3  4  5  6  7  8  9 10 11 12 13 |
---------------+----------------------------------------+-----
Fighting       | 1 2 3 4 5 6 8 9 10 11 12 | 12.1
Spellcasting   | 3 4 5 7 8 9 10 11 | 11.2
Dodging        | 5 6 7 |  7.4
Shields        | 2 4 |  4.0
Armour         | 4 8 |  8.5
Maces & Flails | |  0.5
Stealth        | |  1.5

Action                   |  1- 3 |  4- 6 |  7- 9 | 10-12 | 13-15 || total
-------------------------+-------+-------+-------+-------+-------++-------
Melee: Unarmed           |     5 |       |       |       |       ||     5
       Dagger            |    21 |       |       |       |       ||    21
       Whip              |       |    18 |    17 |       |       ||    35
       Staff             |       |       |       |    10 |     1 ||    11
 Cast: Foxfire           |    91 |    93 |    55 |       |       ||   239
       Inner Flame       |       |     4 |    11 |    39 |     5 ||    59
       Sticky Flame      |       |     4 |    19 |    35 |     5 ||    63
       Stone Arrow       |       |       |    74 |   145 |     2 ||   221
       Slow              |       |       |     7 |     5 |       ||    12
       Cause Fear        |       |       |     1 |     2 |     1 ||     4
       Fireball          |       |       |       |    40 |    23 ||    63
       Conjure Flame     |       |       |       |     1 |       ||     1
       Irradiate         |       |       |       |     4 |     2 ||     6
       Iskenderun's Batt |       |       |       |       |     4 ||     4
  Use: Potion            |     2 |       |     5 |     2 |       ||     9
       Scroll            |       |       |     4 |    10 |     3 ||    17
 Stab: Sleeping          |       |     1 |     1 |       |       ||     2
Armor: Robe              |    13 |     9 |    18 |    15 |       ||    55
       Acid dragon scale |       |       |       |    33 |     4 ||    37
Dodge: Dodged            |    45 |    25 |    34 |    70 |    15 ||   189
Block: Buckler           |       |       |       |    33 |     5 ||    38

Table legend: (Time is in decaauts)
 A = Elapsed time spent in this place.
 B = Non-inter-level travel time spent in this place.
 C = Inter-level travel time spent in this place.
 D = Time resting spent in this place.
 E = Time spent auto-exploring this place.
 F = Levels seen in this place.
 G = Mean time per level.
                   A        B        C        D        E       F      G
               +--------+--------+--------+--------+--------+-----+--------+
         Total |  19927 |  19534 |    393 |   3769 |  13658 |  15 | 1328.5 |
       Dungeon |  19273 |  18900 |    373 |   3591 |  13329 |  13 | 1482.5 |
        Temple |    201 |    181 |     20 |      0 |     98 |   1 |  201.0 |
       Ossuary |    452 |    452 |      0 |    178 |    231 |   1 |  452.0 |
               +--------+--------+--------+--------+--------+-----+--------+

Top non-repeatable levels by time:
     D:1: 2098 daAuts
     D:9: 2051 daAuts
     D:5: 2000 daAuts
    D:12: 1757 daAuts
     D:4: 1700 daAuts
     D:8: 1655 daAuts
    D:10: 1502 daAuts
     D:7: 1489 daAuts
    D:11: 1391 daAuts
     D:6: 1294 daAuts
     D:3: 1200 daAuts
     D:2: 1105 daAuts
 Ossuary: 452 daAuts
  Temple: 201 daAuts
    D:13: 25 daAuts
